 Dungeon Crawl Stone Soup version 0.14-a0-1707-g75daffb (webtiles) character file.

257 HollowCharge the Slasher (level 5, -6/32 HPs)
             Began as a Tengu Skald on Dec 31, 2013.
             Mangled by a gnoll
             ... wielding a +0,+0 flail
              (13 damage)
             ... on Level 4 of the Dungeon.
             The game lasted 00:15:36 (3264 turns).

HollowCharge the Slasher (Tengu Skald)              Turns: 3264, Time: 00:15:36

HP  -6/32        AC  4     Str 13      XL: 5   Next: 59%
MP  11/11        EV 12     Int 17      God:
Gold 78          SH  0     Dex 14      Spells:  3 memorised,  4 levels left

rFire  . . .     SeeInvis .     a - +0 falchion
rCold  + . .     Clarity  .     r - +0 robe (curse)
rNeg   . . .     Conserve .     (no shield)
rPois  .         rCorr    .     (helmet restricted)
rElec  .         rRot     .     o - +1 cloak
SustAb . .       Spirit   .     (no gloves)
rMut   .         Warding  .     (boots unavailable)
Saprov . . .     Stasis   .     (no amulet)
                                (no ring)
                                k - ring of protection from cold

@: brilliant, slightly resistant to hostile enchantments, unstealthy
A: able to fly, beak, talons 3
a: Fly


You were on level 4 of the Dungeon.
You were not hungry.

You visited 1 branch of the dungeon, and saw 4 of its levels.

You collected 78 gold pieces.

Inventory:

Hand weapons
 a - a +0,+0 falchion (weapon)
Armour
 o - a +1 cloak (worn)
 r - a cursed +0 robe (worn)
 s - a +2 scale mail
Comestibles
 d - 2 bread rations
 h - a rotting chunk of adder flesh
 j - an apple
 m - a choko
 q - a honeycomb
Scrolls
 b - a scroll of remove curse
 e - a scroll of magic mapping
Jewellery
 k - a ring of protection from cold (left hand)
Potions
 g - a potion of restore abilities
 l - 4 potions of curing {unknown}
 n - a potion of coagulated blood
 p - 3 potions of heal wounds {unknown}
 t - a potion of poison {unknown}
 u - a potion of berserk rage {unknown}
Books
 c - a book of Battle

   Spells                             Type                      Level
   *Infusion                          Charms                       1
   *Shroud of Golubria                Charms/Translocation         2
   *Song of Slaying                   Charms                       2
   Spectral Weapon                    Hexes/Charms                 3
   Regeneration                       Charms/Necromancy            3


   Skills:
 * Level 3.1 Fighting
 * Level 3.7 Long Blades
 + Level 2.1 Armour
 + Level 2.1 Dodging
 + Level 2.5 Spellcasting
 + Level 2.8 Charms


You had 4 spell levels left.
You knew the following spells:

 Your Spells              Type           Power        Failure   Level  Hunger
a - Infusion              Chrm           ###...       1%          1    #......
b - Song of Slaying       Chrm           ###.....     1%          2    ##.....
c - Shroud of Golubria    Chrm/Tloc      ###.......   2%          2    ##.....


Dungeon Overview and Level Annotations

Branches:
Dungeon (4/16)
 Temple: D:4-7

Altars:
Elyvilon

Annotations:
D:2 Sigmund
D:3 Grinder, Terence


Innate Abilities, Weirdness & Mutations

You can fly.
You have a beak for a mouth.
You have claws for feet.


Message History

The gnoll moves out of view.
The gnoll shouts!
A gnoll comes into view.
The gnoll hits you from afar with a spear.
The gnoll hits you from afar with a spear!
The gnoll hits you with a flail.
The smell of rotting flesh makes you sick. (slot h)
You hit the gnoll. You claw the gnoll. You peck the gnoll.
The gnoll is heavily wounded.
The gnoll hits you with a flail.
You closely miss the gnoll. You claw the gnoll.
The gnoll is severely wounded.
The gnoll hits you with a flail.
* * * LOW HITPOINT WARNING * * *
You barely miss the gnoll. Your kick misses the gnoll.
The gnoll is severely wounded.
The gnoll misses you.
You feel clever all of a sudden.
It was a potion of brilliance.
The gnoll hits you with a flail!
You die...

#.........#
#.#.⌠.⌠.#.#
#.........#
#####.#.....#.#
...........g...#
######gg..#####
#g#### #g#
############@#
#(......)....#
#.##############
#...........%..#
##############.#
. #.# .# #.# .
.# #.# #.
.###########.#


You could see 4 gnolls.

Vanquished Creatures
  A hound (D:4)
  A giant frog skeleton (D:4)
  5 adders
  A giant mite (D:4)
  An adder skeleton (D:4)
  2 orcs (D:4)
  9 bats
  4 giant cockroaches
  10 goblins
  6 hobgoblins
  3 giant geckos
  4 giant newts
  9 kobolds
  A quokka (D:2)
  3 rats
60 creatures vanquished.

Notes
Turn   | Place    | Note
--------------------------------------------------------------
     0 | D:1      | HollowCharge, the Tengu Skald, began the quest for the Orb.
     0 | D:1      | Reached XP level 1. HP: 12/12 MP: 3/3
   255 | D:1      | Reached XP level 2. HP: 11/17 MP: 5/5
   261 | D:1      | Learned a level 2 spell: Song of Slaying
   264 | D:1      | Learned a level 2 spell: Shroud of Golubria
  1163 | D:2      | Noticed Sigmund
  1431 | D:3      | Noticed Terence
  1454 | D:2      | Reached XP level 3. HP: 8/21 MP: 7/7
  1883 | D:2      | Reached skill level 3 in Long Blades
  2075 | D:2      | Reached XP level 4. HP: 27/27 MP: 8/8
  2346 | D:3      | Noticed Grinder
  2842 | D:4      | Reached XP level 5. HP: 28/32 MP: 7/11
  3228 | D:4      | Found a white marble altar of Elyvilon.
  3264 | D:4      | Mangled by a gnoll

Action                   |  1- 3 |  4- 6 || total
-------------------------+-------+-------++-------
Melee: Falchion          |   112 |    58 ||   170
 Cast: Infusion          |       |     3 ||     3
  Use: Scroll            |     6 |     2 ||     8
       Potion            |       |     1 ||     1
 Stab: Sleeping          |       |     2 ||     2
